 Dungeon Crawl Stone Soup version 0.31-a0-986-g5e6e4ef867 (webtiles) character file.

Game seed: 17506779435195805144

86 Sanktem7 the Shield-Bearer (level 4, -4/40 HPs)
             Began as a Minotaur Fighter on Nov 10, 2023.
             Slain by a gnoll
             ... wielding a +0 flail
              (5 damage)
             ... on level 3 of the Dungeon.
             The game lasted 00:02:17 (1077 turns).

Sanktem7 the Shield-Bearer (Minotaur Fighter)       Turns: 1077, Time: 00:02:18

Health: -4/40      AC: 10    Str: 23    XL:     4   Next: 26%
Magic:  3/3        EV:  8    Int:  5    God:
Gold:   125        SH:  4    Dex:  9    Spells: 3/3 levels left

rFire   . . .        a - +0 war axe {axe}
rCold   . . .        c - +0 buckler
rNeg    . . .        v - +0 chain mail
rPois   .            (helmet restricted)
rElec   .            (no cloak)
rCorr   .            e - +0 pair of gloves
SInv    +            (no boots)
Will    .....        (no amulet) Stlth
                     n - ring of see invisible
HPRegen 0.26/turn    (no ring)
MPRegen 0.08/turn

%: no passive effects
@: about to teleport
A: horns 2, retaliatory headbutt
a: no special abilities


You were on level 3 of the Dungeon.
You visited 1 branch of the dungeon, and saw 3 of its levels.

You collected 190 gold pieces.
You spent 65 gold pieces at shops.


Innate Abilities, Weirdness & Mutations

You have a pair of horns on your head.
You reflexively headbutt those who attack you in melee.


   Skills:
 + Level 4.2 Fighting
 * Level 3.9 Axes
 + Level 0.0 Throwing
 + Level 4.2 Armour
 + Level 4.2 Shields


You had 3 spell levels left.
You didn't know any spells.
Your spell library contained the following spells:

 Spells                   Type           Power      Damage    Failure   Level
 Frozen Ramparts          Ice            0%         1d1       100%        3
 Petrify                  Tmut/Erth      0%         N/A       100%        4
 Metabolic Englaciation   Hex/Ice        0%         N/A       100%        5

Inventory:

Hand Weapons
 a - a +0 war axe (weapon) {axe}
 t - a +0 dagger of protection {short}
   (You took it off a goblin on level 2 of the Dungeon)
Missiles
 j - 5 poisoned darts {throwing}
 m - 19 stones {throwing}
Armour
 c - a +0 buckler (worn)
 e - a +0 pair of gloves (worn)
   (You found it on level 1 of the Dungeon)
 v - a +0 chain mail (worn)
   (You found it on level 3 of the Dungeon)
Magical Staves
 r - a staff of death {!astaff}
   (You found it on level 2 of the Dungeon)
Jewellery
 n - a ring of see invisible (left hand)
   (You found it on level 1 of the Dungeon)
 p - an amulet of reflection
   (You found it on level 2 of the Dungeon)
Wands
 q - a wand of roots (10)
   (You found it on level 2 of the Dungeon)
Scrolls
 f - a scroll of immolation {unknown}
 h - 2 scrolls of noise {unknown}
 k - 2 scrolls of identify {@r1}
 l - a scroll of teleportation {@r4}
 o - a scroll of brand weapon {unknown}
 u - a scroll of fog {unknown}
Potions
 d - a potion of might
 g - a potion of mutation {unknown}
 i - 2 potions of heal wounds {@q2}
 s - a potion of brilliance {unknown}

Dungeon Overview and Level Annotations

Branches:
Dungeon (3/15) Zot: 16897

Altars:

Shops:
D:1

*([*? ........$# ..#..
....... .........#
#.....#......
.........#.#.....#.##.##
.........#.#.......##...
.........#..............
.........#..............
......gg.##..........[..
.......gg##.............
...>...@.##.............
###.....................
#.........##.........#
#.........#..........#
#.........#..........#
...........+..........#
............#...........
............####....##..
....>.............##..


You could see 4 gnolls.


Message History

You take 1 damage, and now have 38/40 hp.
You miss the frilled lizard.
Your headbutt misses the frilled lizard.
You closely miss the ball python. The ball python barely misses you.
The ball python closely misses you. The frilled lizard barely misses you.
You furiously retaliate!
You headbutt the frilled lizard!
You kill the frilled lizard!
The ball python barely misses you. You furiously retaliate!
You headbutt the ball python.
You kill the ball python!
No target in view!
No target in view!
No target in view!
No target in view!
No target in view!
No target in view!
You open the door.
There is an open door here.
Key pressed, stopping explore.
m - 19 stones {throwing} (gained 8)
i - 3 glowing orange potions (gained 1) Key pressed, stopping explore.
You open the door.
There is an open door here.
You open the door.
There is an open door here.
A ball python comes into view. 😎 HP[+2]
Your hp is fully restored (40).
You see here a +0 chain mail.
v - a +0 chain mail The ball python closely misses you.
You furiously retaliate!
You headbutt the ball python. The ball python grabs you.
The ball python constricts you.
You slash the ball python!
You kill the ball python!
You start removing your armour.
You continue taking off your +0 scale mail. x4
You finish taking off your +0 scale mail.
You start putting on your armour.
You continue putting on your +0 chain mail. x5
You finish putting on your +0 chain mail.
You drop a +0 scale mail.
Found a stone staircase leading down.
A gnoll comes into view. It is wielding a +0 whip.
Found a stone staircase leading down.
A gnoll is nearby! 3 gnolls come into view.
The gnoll shouts! x3
The gnoll hits you from afar with a +0 spear! 😕 HP[-8]
You take 8 damage, and now have 32/40 hp.
The gnoll hits you with a +0 flail. The gnoll barely misses you. 😮 HP[-6]
You take 6 damage, and now have 26/40 hp.
You are too injured to fight recklessly!
You are too injured to fight recklessly!
You are too injured to fight recklessly!
You are too injured to fight recklessly!
You are too injured to fight recklessly!
You are too injured to fight recklessly!
Unknown command.
You closely miss the gnoll. You hit the gnoll. You closely miss the gnoll.
The gnoll hits you from afar with a +0 halberd!
* * * LOW HITPOINT WARNING * * *
The gnoll closely misses you. x2; The gnoll hits you but does no damage. 😨 HP[-7]
You take 7 damage, and now have 19/40 hp.
You hit the gnoll but do no damage. You hit the gnoll.
You barely miss the gnoll. The gnoll barely misses you.
You block the gnoll's attack. The gnoll hits you with a +0 flail!
* * * LOW HITPOINT WARNING * * *
The gnoll hits you with a +0 spear.
* * * LOW HITPOINT WARNING * * *
You block the gnoll's attack. The gnoll hits you but does no damage.
The gnoll hits you from afar with a +0 halberd.
* * * LOW HITPOINT WARNING * * *
😱 HP[-18]
You take 18 damage, and now have 1/40 hp.
MASSIVE DAMAGE!! (PAUSE)
Okay, then.
Okay, then.
It was a potion of heal wounds.
You feel much better.
The gnoll hits you from afar with a +0 halberd!
* * * LOW HITPOINT WARNING * * *
The gnoll hits you with a +0 whip.
* * * LOW HITPOINT WARNING * * *
The gnoll hits you but does no damage. You block the gnoll's attack. 😱 HP[+6]
You regained 6 hp, and now have 7/40 hp.
As you read the scroll of teleportation {@r4}, it crumbles to dust.
You feel strangely unstable. The gnoll barely misses you.
You block the gnoll's attack.
The gnoll hits you but does no damage. x2 😱 HP[+1]
The gnoll hits you with a +0 whip!
* * * LOW HITPOINT WARNING * * *
The gnoll attacks as it pursues you! The gnoll hits you with a +0 flail.
You die...

Skill      XL: |  1  2 |
---------------+-------+-----
Axes           | 3 |  3.9
Fighting       | 4 |  4.2
Armour         | 4 |  4.2
Shields        | 4 |  4.2

Action                     |  1- 3 |  4- 6 || total
---------------------------+-------+-------++-------
  Melee: War axe           |    60 |     9 ||    69
         Headbutt          |     4 |       ||     4
    Use: Scroll            |       |     1 ||     1
         Potion            |       |     1 ||     1
 Armour: Scale mail        |    45 |     3 ||    48
         Chain mail        |       |    15 ||    15
  Dodge: Dodged            |    41 |    10 ||    51
  Block: Buckler           |    10 |     4 ||    14

Levels and vault maps discovered:
D:1:      zelgadis_glass_arrival_small, layout_rooms,
          dreamdust_ecumenical_altar_angels_and_demons, serial_shops, shop,
          shop, shop, shop, nicolae_shop_real_fake_doors, st_stairs_13,
          minmay_tetromino_l4
D:2:      layout_basic
D:3:      layout_basic, vehumet_crystals, chequers_serial_rivers_micro_a,
          uniq_grinder

Notes
Turn   | Place    | Note
-------+----------+-------------------------------------------
     0 | D:1      | Sanktem7 the Minotaur Fighter began the quest for the Orb.
     0 | D:1      | Reached XP level 1. HP: 19/19 MP: 0/0
     0 | D:1      | magus.rc [v1.9.6]
    59 | D:1      | Reached XP level 2. HP: 27/27 MP: 1/1
    63 | D:1      | Found Mugoli's Armour Boutique.
   121 | D:1      | Reached skill level 3 in Axes
   190 | D:1      | Found Wunyl's Assorted Antiques.
   200 | D:1      | Found Odiageji's Magic Scroll Shoppe.
   208 | D:1      | Bought a scroll of identify for 26 gold pieces
   208 | D:1      | Bought a scroll of teleportation for 39 gold pieces
   215 | D:1      | Found Sefytro's Assorted Antiques.
   225 | D:1      | You pick up a book of Sloth and begin reading...
   225 | D:1      | You add the spells Frozen Ramparts, Petrify and Metabolic
                  | Englaciation to your library.
   264 | D:1      | Found Toihonit's Weapon Emporium.
   353 | D:1      | Found a faded altar of an unknown god.
   549 | D:2      | Reached skill level 4 in Fighting
   557 | D:2      | Reached skill level 4 in Armour
   557 | D:2      | Reached skill level 4 in Shields
   557 | D:2      | Reached XP level 3. HP: 28/33 MP: 2/2
   814 | D:2      | Reached XP level 4. HP: 34/40 MP: 3/3
  1074 | D:3      | HP: 7/40 [gnoll/+0 spear (4)]
  1074 | D:3      | HP: 1/40 [gnoll/+0 halberd (6)]
  1077 | D:3      | Slain by a gnoll

Vanquished Creatures
  A sleepcap (D:2)
  2 adders (D:2)
  A dart slug (D:2)
  3 bats
  2 endoplasms
  A giant cockroach (D:1)
  7 goblins
  4 hobgoblins (D:1)
  5 kobolds
  6 ball pythons
  2 frilled lizards
  2 rats (D:1)
36 creatures vanquished.

Table legend:
 A = Non-vault XP
 B = Vault XP
 C = Vault XP percentage of total XP
 D = Non-vault monster count
 E = Vault monster count
 F = Vault count percentage of total count
                 A         B        C        D         E       F
            +---------+---------+-------+---------+---------+-------
      Total |     116 |       7 |   5.7 |      32 |       4 |  11.1
            +---------+---------+-------+---------+---------+-------
        D:1 |      25 |       7 |  21.9 |      15 |       4 |  21.1
        D:2 |      86 |       0 |   0.0 |      14 |       0 |   0.0
        D:3 |       5 |       0 |   0.0 |       3 |       0 |   0.0
            +---------+---------+-------+---------+---------+-------

Skill      XL: |  1  2 |
---------------+-------+-----
Axes           | 3 |  3.9
Fighting       | 4 |  4.2
Armour         | 4 |  4.2
Shields        | 4 |  4.2

Action                     |  1- 3 |  4- 6 || total
---------------------------+-------+-------++-------
  Melee: War axe           |    60 |     9 ||    69
         Headbutt          |     4 |       ||     4
    Use: Scroll            |       |     1 ||     1
         Potion            |       |     1 ||     1
 Armour: Scale mail        |    45 |     3 ||    48
         Chain mail        |       |    15 ||    15
  Dodge: Dodged            |    41 |    10 ||    51
  Block: Buckler           |    10 |     4 ||    14

Illustrated notes

Table legend:
 A = Kills in this place as a percentage of kills in the entire game.
 B = Kills by you in this place as a percentage of kills by you in the entire game.
 C = Kills by friends in this place as a percentage of kills by friends in the entire game.
 D = Other kills in this place as a percentage of other kills in the entire game.
 E = Experience gained in this place as a percentage of experience gained in the entire game.
 F = Experience gained in this place divided by the number of levels of this place that you have seen.
                   A       B       C       D       E      F
               +-------+-------+-------+-------+-------+----------------------
         Total | 100.0 | 100.0 |   N/A |   N/A | 100.0 |  41.0
       Dungeon | 100.0 | 100.0 |   N/A |   N/A | 100.0 |  41.0
               +-------+-------+-------+-------+-------+----------------------

Table legend: (Time is in decaauts)
 A = Elapsed time spent in this place.
 B = Non-inter-level travel time spent in this place.
 C = Inter-level travel time spent in this place.
 D = Time resting spent in this place.
 E = Time spent auto-exploring this place.
 F = Levels seen in this place.
 G = Mean time per level.
                   A        B        C        D        E       F      G
               +--------+--------+--------+--------+--------+-----+--------+
         Total |   1101 |   1055 |     46 |      0 |    821 |   3 |  367.0 |
       Dungeon |   1101 |   1055 |     46 |      0 |    821 |   3 |  367.0 |
               +--------+--------+--------+--------+--------+-----+--------+

Top non-repeatable levels by time:
     D:2: 477 daAuts
     D:1: 469 daAuts
     D:3: 154 daAuts
